TOP OF THE 1ST |
Plymouth Rocks batting - Pitching for Boston Rebels : LHP José Hidalgo
|
Pitching: LHP José Hidalgo
|
|
Batting: RHB Jorge Márquez
|
0-0: Called Strike 0-1: Called Strike 0-2: Ground out 4-3 (Groundball, 13)
|
Batting: RHB José García
|
0-0: Ball 1-0: Ball 2-0: Ball 3-0: Called Strike 3-1: Called Strike 3-2: DOUBLE (Line Drive, 78S)
|
Batting: LHB Frank Geddes
|
0-0: Ground out U3 (Groundball, 3) José García to third
|
Batting: RHB Frederico Hernández
|
0-0: Ball 1-0: Fly out, F8 (Popup, 4MD)
|
Top of the 1st over - 0 run(s), 1 hit(s), 0 error(s), 1 left on base; Plymouth 0 - Boston 0 |
BOTTOM OF THE 1ST |
Boston Rebels batting - Pitching for Plymouth Rocks : RHP Sandro Gonzáles
|
Pitching: RHP Sandro Gonzáles
|
|
Batting: LHB Bill Wilson
|
0-0: Ball 1-0: DOUBLE (Groundball, 5L)
|
Batting: SHB Álex Rosado
|
0-0: Called Strike 0-1: Ball 1-1: Ground out 5-3 (Groundball, 5S) Bill Wilson to third
|
Batting: RHB Ronnie Brown
|
0-0: Ball 1-0: Swinging Strike 1-1: Foul Ball, location: 2F 1-2: Fly out, F9 (Flyball, 89S)
|
Batting: LHB Bill Wilson
|
0-0: Called Strike 0-1: Fly out, F7 (Popup, 6D)
|
Bottom of the 1st over - 0 run(s), 1 hit(s), 0 error(s), 1 left on base; Plymouth 0 - Boston 0 |
TOP OF THE 2ND |
Plymouth Rocks batting - Pitching for Boston Rebels : LHP José Hidalgo
|
Batting: RHB António Zúñiga
|
0-0: Ball 1-0: Called Strike 1-1: Ball 2-1: SINGLE (Flyball, 8RS)
|
Batting: RHB Millard Boyd
|
0-0: Called Strike 0-1: Ball 1-1: SINGLE (Flyball, 8LS) António Zúñiga to second
|
Batting: RHB Tadakuni Sugiyama
|
0-0: Called Strike 0-1: Foul Ball, location: 2F 0-2: Ball 1-2: Ground out 5-3 (Groundball, 56S) António Zúñiga to third Millard Boyd to second
|
Batting: RHB Alberto Ramos
|
0-0: Ball 1-0: Ball 2-0: Called Strike 2-1: Foul Ball, location: 2F 2-2: Fly out, F9 (Flyball, 89S) Runner from 3rd tags up, SCORES, throw made
|
Batting: RHB Alberto Hernández
|
0-0: Ball 1-0: SINGLE (Groundball, 4M) Millard Boyd to third Runner from 3rd tries for Home, throw and OUT!
|
Top of the 2nd over - 1 run(s), 3 hit(s), 0 error(s), 1 left on base; Plymouth 1 - Boston 0 |
BOTTOM OF THE 2ND |
Boston Rebels batting - Pitching for Plymouth Rocks : RHP Sandro Gonzáles
|
Batting: LHB Stanley Mullins
|
0-0: Ball 1-0: Foul Ball, location: 2F 1-1: Ball 2-1: Ball 3-1: Base on Balls
|
Batting: RHB Wilson Gómez
|
0-0: Called Strike 0-1: Ball Stanley Mullins is caught stealing 2nd base 1-1: Ball 2-1: SINGLE (Line Drive, 7LS)
|
Batting: LHB Félix Gómez
|
0-0: Ball 1-0: Called Strike 1-1: Called Strike 1-2: Ball 2-2: SINGLE (Groundball, 4MD) Wilson Gómez to second
|
Batting: LHB Tony Ramírez
|
0-0: Foul Ball, location: 2F 0-1: Ground out 5-3 (Groundball, 5S) Wilson Gómez to third Félix Gómez to second
|
Batting: RHB Rubén Matos
|
0-0: Foul Ball, location: 2F 0-1: SINGLE (Line Drive, 34) Wilson Gómez scores Félix Gómez to third Runner from 3rd tries for Home, SAFE, no throw or cutoff
|
Batting: LHB Bill Wilson
|
0-0: Ball 1-0: Foul Ball, location: 2F 1-1: Fly out, F6 (Popup, 6D)
|
Bottom of the 2nd over - 2 run(s), 3 hit(s), 0 error(s), 1 left on base; Plymouth 1 - Boston 2 |
TOP OF THE 3RD |
Plymouth Rocks batting - Pitching for Boston Rebels : LHP José Hidalgo
|
Batting: RHB Jorge Márquez
|
0-0: Called Strike 0-1: Ball 1-1: Ball 2-1: Ground out 6-3 (Groundball, 6)
|
Batting: RHB José García
|
0-0: Foul Ball, location: 2F 0-1: Called Strike 0-2: TRIPLE (Line Drive, 89XD)
|
Batting: LHB Frank Geddes
|
0-0: Called Strike 0-1: Foul Ball, location: 2F 0-2: Ball 1-2: Strikes out swinging
|
Batting: RHB Frederico Hernández
|
0-0: Ball 1-0: Foul Ball, location: 2F 1-1: Ball 2-1: Foul Ball, location: 2F 2-2: Ball 3-2: Foul Ball, location: 2F 3-2: Foul Ball, location: 2F 3-2: Ground out 6-3 (Groundball, 6M)
|
Top of the 3rd over - 0 run(s), 1 hit(s), 0 error(s), 1 left on base; Plymouth 1 - Boston 2 |
BOTTOM OF THE 3RD |
Boston Rebels batting - Pitching for Plymouth Rocks : RHP Sandro Gonzáles
|
Batting: SHB Álex Rosado
|
0-0: Called Strike 0-1: Called Strike 0-2: SINGLE (Flyball, 7LM)
|
Batting: RHB Ronnie Brown
|
0-0: Ball 1-0: Ball 2-0: Ball 3-0: Called Strike 3-1: SINGLE (Groundball, 6MD) Álex Rosado to second
|
Batting: LHB Bill Wilson
|
0-0: Foul Ball, location: 2F 0-1: Grounds into double play, 6-4-3 (Groundball, 6) Álex Rosado to third
|
Batting: LHB Stanley Mullins
|
0-0: Ball 1-0: Ball 2-0: Called Strike 2-1: Foul Ball, location: 2F 2-2: Ball 3-2: Base on Balls
|
Batting: RHB Wilson Gómez
|
0-0: Ball 1-0: Foul Ball, location: 2F 1-1: Swinging Strike 1-2: Strikes out swinging
|
Bottom of the 3rd over - 0 run(s), 2 hit(s), 0 error(s), 2 left on base; Plymouth 1 - Boston 2 |
TOP OF THE 4TH |
Plymouth Rocks batting - Pitching for Boston Rebels : LHP José Hidalgo
|
Batting: RHB António Zúñiga
|
0-0: Called Strike 0-1: Ball 1-1: Ball 2-1: Ball 3-1: Base on Balls
|
Batting: RHB Millard Boyd
|
0-0: Ball 1-0: Ball 2-0: 2-RUN HOME RUN (Line Drive, 7LD), Distance : 366 ft
|
Batting: RHB Tadakuni Sugiyama
|
0-0: Called Strike 0-1: Ball 1-1: Foul Ball, location: 2F 1-2: Foul Ball, location: 2F 1-2: Ball 2-2: Foul Ball, location: 2F 2-2: SINGLE (Line Drive, 56)
|
Batting: RHB Alberto Ramos
|
0-0: Called Strike 0-1: Called Strike 0-2: Ball 1-2: Ground out 5-3 (Groundball, 6S) Tadakuni Sugiyama to second
|
Batting: RHB Alberto Hernández
|
0-0: Swinging Strike 0-1: Ball 1-1: Ball 2-1: SINGLE (Line Drive, 56D) Tadakuni Sugiyama to third
|
Batting: RHB Jorge Márquez
|
0-0: Fly out, F8 (Flyball, 8LM) Runner from 3rd tags up, SCORES, throw made
|
Batting: RHB José García
|
0-0: Ball 1-0: Ball 2-0: Ground out 6-3 (Groundball, 6)
|
Top of the 4th over - 3 run(s), 3 hit(s), 0 error(s), 1 left on base; Plymouth 4 - Boston 2 |
BOTTOM OF THE 4TH |
Boston Rebels batting - Pitching for Plymouth Rocks : RHP Sandro Gonzáles
|
Batting: LHB Félix Gómez
|
0-0: SOLO HOME RUN (Flyball, 9LD), Distance : 422 ft
|
Batting: LHB Tony Ramírez
|
0-0: Ball 1-0: Ball 2-0: Called Strike 2-1: Foul Ball, location: 2F 2-2: Ground out 3-1 (Groundball, 34)
|
Batting: RHB Rubén Matos
|
0-0: Ball 1-0: Ball 2-0: Foul Ball, location: 2F 2-1: SINGLE (Flyball, 8LS)
|
Batting: LHB Bill Wilson
|
0-0: SINGLE (Line Drive, 6MD) Rubén Matos to second
|
Batting: SHB Álex Rosado
|
0-0: Ball 1-0: Ball 2-0: Ball 3-0: Base on Balls Rubén Matos to third Bill Wilson to second
|
Batting: RHB Ronnie Brown
|
0-0: Ball 1-0: Foul Ball, location: 2F 1-1: Ball 2-1: Called Strike 2-2: Ball 3-2: Grounds into double play, 4-6-3 (Groundball, 4)
|
Bottom of the 4th over - 1 run(s), 3 hit(s), 0 error(s), 2 left on base; Plymouth 4 - Boston 3 |
TOP OF THE 5TH |
Plymouth Rocks batting - Pitching for Boston Rebels : LHP José Hidalgo
|
Batting: LHB Frank Geddes
|
0-0: Called Strike 0-1: Ball 1-1: Ground out 4-3 (Groundball, 34)
|
Batting: RHB Frederico Hernández
|
0-0: Called Strike 0-1: Ball 1-1: Ground out 6-3 (Groundball, 6)
|
Batting: RHB António Zúñiga
|
0-0: Called Strike 0-1: Foul Ball, location: 2F 0-2: Ball 1-2: DOUBLE (Line Drive, 3D)
|
Batting: RHB Millard Boyd
|
0-0: Called Strike 0-1: Ball 1-1: Swinging Strike 1-2: Strikes out swinging
|
Top of the 5th over - 0 run(s), 1 hit(s), 0 error(s), 1 left on base; Plymouth 4 - Boston 3 |
BOTTOM OF THE 5TH |
Boston Rebels batting - Pitching for Plymouth Rocks : RHP Sandro Gonzáles
|
Batting: LHB Bill Wilson
|
0-0: SINGLE (Line Drive, 8LS)
|
Batting: LHB Stanley Mullins
|
0-0: Swinging Strike 0-1: Called Strike 0-2: Ball 1-2: Fly out, F8 (Flyball, 8RS)
|
Batting: RHB Wilson Gómez
|
0-0: Foul Ball, location: 2F 0-1: SINGLE (Groundball, 56D) Bill Wilson to second
|
Batting: LHB Félix Gómez
|
0-0: Ball 1-0: Called Strike 1-1: Called Strike 1-2: Fly out, F7 (Flyball, 7LM)
|
Batting: LHB Tony Ramírez
|
0-0: Called Strike 0-1: Ball 1-1: DOUBLE (Flyball, 9LD) Bill Wilson scores Wilson Gómez to third Runner from 3rd tries for Home, SAFE, no throw or cutoff
|
Batting: RHB Rubén Matos
|
0-0: Ground out U3 (Groundball, 3)
|
Bottom of the 5th over - 2 run(s), 3 hit(s), 0 error(s), 1 left on base; Plymouth 4 - Boston 5 |
TOP OF THE 6TH |
Plymouth Rocks batting - Pitching for Boston Rebels : LHP José Hidalgo
|
Batting: RHB Tadakuni Sugiyama
|
0-0: Ball 1-0: Foul Ball, location: 2F 1-1: Foul Ball, location: 2F 1-2: Strikes out looking
|
Batting: RHB Alberto Ramos
|
0-0: Ball 1-0: Ball 2-0: Swinging Strike 2-1: Ball 3-1: Bunted foul 3-2: Foul Ball, location: 2F 3-2: Ground out 6-3 (Groundball, 6M)
|
Batting: RHB Alberto Hernández
|
0-0: Ball 1-0: Swinging Strike 1-1: Ground out 2-3 (Groundball, 2L)
|
Top of the 6th over - 0 run(s), 0 hit(s), 0 error(s), 0 left on base; Plymouth 4 - Boston 5 |
BOTTOM OF THE 6TH |
Boston Rebels batting - Pitching for Plymouth Rocks : RHP Sandro Gonzáles
|
Batting: LHB Bill Wilson
|
0-0: Ball 1-0: Bunt for hit - play at first, batter OUT! 1-3
|
Batting: SHB Álex Rosado
|
0-0: Called Strike 0-1: Ball 1-1: Fly out, F9 (Flyball, 9S)
|
Batting: RHB Ronnie Brown
|
0-0: SINGLE (Groundball, 4MD) (infield hit)
|
Batting: LHB Bill Wilson
|
0-0: Ball Ronnie Brown steals 2nd base 1-0: Foul Ball, location: 2F 1-1: Foul Ball, location: 2F 1-2: Foul Ball, location: 2F 1-2: Foul Ball, location: 2F 1-2: Fly out, F8 (Flyball, 89M)
|
Bottom of the 6th over - 0 run(s), 1 hit(s), 0 error(s), 1 left on base; Plymouth 4 - Boston 5 |
TOP OF THE 7TH |
Plymouth Rocks batting - Pitching for Boston Rebels : LHP José Hidalgo
|
Pitching: RHP Alberto Bonilla
|
|
Batting: RHB Jorge Márquez
|
0-0: Ball 1-0: Called Strike 1-1: Ball 2-1: Ground out U3 (Groundball, 3L)
|
Batting: RHB José García
|
0-0: Called Strike 0-1: Ball 1-1: Ball 2-1: Swinging Strike 2-2: SINGLE (Flyball, 89S)
|
Pitching: LHP Yoshihiro Hasegawa
|
|
Batting: LHB Frank Geddes
|
0-0: Ball 1-0: Ball 2-0: Ball 3-0: Called Strike 3-1: Foul Ball, location: 2F 3-2: Foul Ball, location: 2F 3-2: Strikes out looking
|
Pitching: RHP Lorenzo Vargas
|
|
Batting: RHB Frederico Hernández
|
0-0: Ball José García steals 2nd base 1-0: Called Strike 1-1: DOUBLE (Line Drive, 78XD) José García scores
|
Batting: RHB António Zúñiga
|
0-0: Ball 1-0: Ball 2-0: Swinging Strike 2-1: Foul Ball, location: 2F 2-2: Ball 3-2: Foul Ball, location: 2F 3-2: Base on Balls
|
Batting: RHB Millard Boyd
|
0-0: Ball 1-0: SINGLE (Line Drive, 6D) Frederico Hernández to third António Zúñiga to second Runner from 3rd tries for Home, SAFE, no throw or cutoff
|
Batting: RHB Tadakuni Sugiyama
|
0-0: Ball 1-0: Ball 2-0: Ball 3-0: Foul Ball, location: 2F 3-1: Foul Ball, location: 2F 3-2: Base on Balls António Zúñiga to third Millard Boyd to second
|
Batting: RHB Alberto Ramos
|
0-0: Fly out, F5 (Popup, 25)
|
Top of the 7th over - 2 run(s), 3 hit(s), 0 error(s), 3 left on base; Plymouth 6 - Boston 5 |
BOTTOM OF THE 7TH |
Boston Rebels batting - Pitching for Plymouth Rocks : RHP Sandro Gonzáles
|
Batting: LHB Stanley Mullins
|
0-0: Ball 1-0: Called Strike 1-1: Called Strike 1-2: Foul Ball, location: 2F 1-2: Foul Ball, location: 2F 1-2: Ball 2-2: Foul Ball, location: 2F 2-2: Ball 3-2: Fly out, F9 (Line Drive, 9S)
|
Batting: RHB Wilson Gómez
|
0-0: DOUBLE (Groundball, 5L)
|
Pitching: RHP Erik Estes
|
|
Batting: LHB Félix Gómez
|
0-0: Ball 1-0: Ground out U3 (Groundball, 3S) Wilson Gómez to third
|
Pitching: LHP Scott Hill
|
|
Pinch Hitting: RHB Rob Whitley
|
0-0: Ball 1-0: Ball 2-0: Called Strike 2-1: Ground out 4-3 (Groundball, 34)
|
Bottom of the 7th over - 0 run(s), 1 hit(s), 0 error(s), 1 left on base; Plymouth 6 - Boston 5 |
TOP OF THE 8TH |
Plymouth Rocks batting - Pitching for Boston Rebels : RHP Lorenzo Vargas
|
Now at SS: Ju-wei Shiu
|
|
Batting: RHB Alberto Hernández
|
0-0: Foul Ball, location: 2F 0-1: Swinging Strike 0-2: Foul Ball, location: 2F 0-2: Strikes out swinging
|
Batting: RHB Jorge Márquez
|
0-0: Ball 1-0: Foul Ball, location: 2F 1-1: Ball 2-1: Ball 3-1: Fly out, F7 (Flyball, 7M)
|
Batting: RHB José García
|
0-0: Ball 1-0: Ball 2-0: Ball 3-0: Base on Balls
|
Batting: LHB Frank Geddes
|
0-0: Foul Ball, location: 2F 0-1: Called Strike 0-2: Ball 1-2: Ball 2-2: Fly out, F8 (Flyball, 8RM)
|
Top of the 8th over - 0 run(s), 0 hit(s), 0 error(s), 1 left on base; Plymouth 6 - Boston 5 |
BOTTOM OF THE 8TH |
Boston Rebels batting - Pitching for Plymouth Rocks : LHP Scott Hill
|
Pitching: RHP Pepe Vázquez
|
|
Batting: RHB Rubén Matos
|
0-0: Ball 1-0: Fly out, F9 (Flyball, 9LS)
|
Batting: LHB Bill Wilson
|
0-0: Ball 1-0: SINGLE (Line Drive, 4MD)
|
Batting: SHB Álex Rosado
|
0-0: SINGLE (Line Drive, 6D) Bill Wilson to second
|
Batting: RHB Ronnie Brown
|
0-0: Called Strike 0-1: Foul Ball, location: 2F 0-2: Ball 1-2: Ball 2-2: Fly out, F7 (Line Drive, 78S)
|
Batting: LHB Bill Wilson
|
0-0: Called Strike 0-1: Ball 1-1: Foul Ball, location: 2F 1-2: Foul Ball, location: 2F 1-2: Foul Ball, location: 2F 1-2: 3-RUN HOME RUN (Flyball, 9D), Distance : 411 ft
|
Batting: LHB Stanley Mullins
|
0-0: Called Strike 0-1: Ball 1-1: Swinging Strike 1-2: SINGLE (Groundball, 4M)
|
Pitching: RHP Ángel López
|
|
Batting: RHB Wilson Gómez
|
0-0: Called Strike 0-1: Ball 1-1: Ball 2-1: Ground out 5-3 (Groundball, 5L)
|
Bottom of the 8th over - 3 run(s), 4 hit(s), 0 error(s), 1 left on base; Plymouth 6 - Boston 8 |
TOP OF THE 9TH |
Plymouth Rocks batting - Pitching for Boston Rebels : RHP Lorenzo Vargas
|
Pitching: RHP António López
|
|
Batting: RHB Frederico Hernández
|
0-0: Ball 1-0: Ball 2-0: Swinging Strike 2-1: Ground out 6-3 (Groundball, 6)
|
Batting: RHB António Zúñiga
|
0-0: Swinging Strike 0-1: DOUBLE (Groundball, 3L)
|
Batting: RHB Millard Boyd
|
0-0: Ball 1-0: Called Strike 1-1: SINGLE (Line Drive, 6MD) António Zúñiga to third
|
Batting: RHB Tadakuni Sugiyama
|
0-0: Called Strike 0-1: Ball 1-1: Called Strike 1-2: Foul Ball, location: 2F 1-2: Strikes out swinging
|
Batting: RHB Alberto Ramos
|
0-0: Ball 1-0: Ball 2-0: Foul Ball, location: 2F 2-1: Ball 3-1: Foul Ball, location: 2F 3-2: Strikes out looking
|
Top of the 9th over - 0 run(s), 2 hit(s), 0 error(s), 2 left on base; Plymouth 6 - Boston 8 |
|